Map: Ascension to Aiur LE

Players

Snute

  • Race: Zerg Zerg
  • Spawn Location: 11:00

Neeb - Winner!

  • Race: Protoss Protoss
  • Spawn Location: 5:00

Event: WCS Montreal 2017

VOD

Have the link to the VOD?

Description

Time

  • Played on: Sept. 10, 2017, 1:47 p.m.
  • Length: 11:34

All games in this series

Show
View Real Time Build Order
Export as new Build Order

Snute Zerg 

Build Orders: Hatch First, Muta Ling Bane 

Get SALT Encoding   

  12  0:00  Drone  
  13  0:12  Overlord  
  13  0:16  Drone  
  14  0:30  Drone x2  
  14  0:34  Drone  
  17  0:51  Hatchery  
  17  0:54  Drone  
  17  0:57  Drone  
  17  1:00  Extractor  
  17  1:13  Spawning Pool  
  17  1:16  Drone  
  17  1:19  Drone  
  18  1:28  Drone  
  19  1:38  Overlord  
  19  1:50  Drone  
  20  2:00  Queen  
  20  2:01  Metabolic Boost  
  22  2:03  Queen  
  22  2:05  Zergling x2  
  25  2:09  Zergling x2  
  25  2:12  Drone  
  25  2:15  Drone  
  28  2:21  Drone  
  29  2:27  Drone  
  30  2:32  Drone  
  30  2:36  Drone  
  32  2:38  Pneumatized Carapace  
  32  2:42  Overlord  
  32  2:46  Drone  
  33  2:55  Drone  
  34  2:59  Drone  
  34  3:00  Hatchery  
  34  3:05  Drone  
  35  3:07  Drone  
  35  3:08  Drone x2  
  35  3:09  Drone  
  39  3:13  Overlord  
  39  3:15  Zergling x2  
  39  3:17  Zergling x2  
  39  3:19  Zergling x2  
  42  3:22  Drone  
  43  3:29  Overlord  
  43  3:32  Queen  
  45  3:34  Drone  
  45  3:37  Queen  
  45  3:39  Drone  
  50  3:41  Drone  
  50  3:44  Drone x2  
  50  3:48  Drone x2  
  54  3:49  Drone  
  54  3:53  Spore Crawler  
  54  3:55  Spore Crawler  
  54  3:58  Drone x2  
  54  3:59  Drone  
  55  4:06  Drone  
  56  4:10  Queen  
  56  4:13  Drone x5  
  63  4:19  Drone  
  63  4:22  Drone  
  63  4:23  Overlord  
  65  4:30  Drone  
  65  4:36  Lair  
  65  4:37  Roach Warren  
  65  4:38  Extractor, Drone  
  65  4:39  Drone, Evolution Chamber  
  65  4:41  Drone  
  65  4:42  Overlord, Drone  
  67  4:45  Drone x2  
  67  4:48  Extractor, Drone  
  67  4:50  Drone  
  67  4:51  Drone  
  70  5:02  Overlord x2  
  70  5:05  Spore Crawler  
  69  5:07  Overlord  
  69  5:12  Zergling x8  
  73  5:15  Overlord  
  73  5:16  Overlord  
  73  5:21  Roach  
  73  5:22  Roach x5  
  73  5:26  Overlord  
  73  5:28  Roach x2  
  89  5:33  Roach x3  
  95  5:39  Roach  
  95  5:42  Overlord, Drone x2  
  99  5:44  Drone x4  
  99  5:45  Extractor, Drone  
  103  5:57  Drone x3  
  103  5:58  Drone x3  
  108  6:05  Drone  
  108  6:07  Drone, Spire  
  108  6:09  Extractor, Drone  
  108  6:10  Extractor  
  105  6:13  Drone x3  
  101  6:19  Roach  
  101  6:20  Roach  
  101  6:23  Zerg Missile Weapons Level 1  
  104  6:28  Roach  
  104  6:29  Roach  
  104  6:30  Overlord  
  108  6:33  Roach  
  110  6:47  Overlord  
  110  6:52  Overlord  
  110  6:54  Glial Reconstitution  
  110  6:57  Drone x4  
  108  7:06  Hydralisk Den  
  107  7:09  Drone x6  
  107  7:11  Hatchery  
  112  7:20  Mutalisk x4  
  120  7:26  Mutalisk x2  
  120  7:28  Overlord  
  123  7:32  Overlord  
  123  7:47  Zergling x4  
  123  7:48  Zergling x10  
  130  7:52  Hatchery  
  130  7:55  Zergling x12  
  130  7:58  Muscular Augments, Hydralisk  
  135  7:59  Baneling Nest, Hydralisk x3  
  135  8:03  Hydralisk x2  
  146  8:15  Hydralisk  
  146  8:16  Hydralisk x2  
  150  8:20  Hydralisk  
  150  8:21  Hydralisk x3  
  156  8:28  Hydralisk  
  156  8:29  Hydralisk x2  
  154  8:38  Zerg Melee Weapons Level 1  
  154  8:46  Hydralisk x4  
  162  8:52  Overlord  
  162  8:53  Overlord x2  
  162  8:56  Overlord  
  162  9:09  Zergling x6  
  167  9:10  Zergling x8  
  167  9:22  Centrifical Hooks  
  167  9:24  Zergling x2  
  167  9:25  Zergling x16  
  157  9:39  Hydralisk x4  
  157  9:40  Hydralisk x5  
  157  9:45  Hydralisk  
  149  9:48  Queen x4  
  149  9:50  Hydralisk x2  
  150  9:56  Hydralisk x7  
  156  10:04  Drone x4  
  159  10:07  Mutalisk  
  159  10:14  Hydralisk x2  
  161  10:20  Zergling x6  
  164  10:31  Zergling x18  
  173  10:43  Zergling x14  
  179  10:52  Ravager x2  
  179  10:54  Baneling x2  
  179  10:55  Baneling  
  179  10:56  Baneling x4  
  181  10:57  Zergling x10  
  181  10:58  Zergling x8  
  188  11:10  Hydralisk x5  
  165  11:15  Zergling x6  
Show
View Real Time Build Order
Export as new Build Order

Neeb Protoss - Winner!

Build Orders: Nexus First, Oracle Opening, Archon Immortal, Zealot Archon, Archon Drop 

Get SALT Encoding   

  12  0:00  Probe (Chrono Boost)  
  13  0:11  Probe (Chrono Boost)  
  14  0:18  Pylon  
  14  0:22  Probe (Chrono Boost)  
  15  0:36  Probe (Chrono Boost)  
  16  0:46  Probe (Chrono Boost)  
  17  0:59  Nexus  
  17  1:07  Gateway  
  17  1:11  Probe (Chrono Boost)  
  18  1:15  Assimilator  
  18  1:21  Probe (Chrono Boost)  
  18  1:25  Assimilator  
  19  1:32  Probe (Chrono Boost)  
  20  1:34  Pylon  
  20  1:42  Probe (Chrono Boost)  
  21  1:53  Probe (Chrono Boost)  
  22  1:55  Cybernetics Core  
  22  2:03  Probe (Chrono Boost)  
  23  2:11  Probe (Chrono Boost)  
  23  2:14  Probe (Chrono Boost)  
  25  2:22  Probe (Chrono Boost)  
  26  2:24  Probe (Chrono Boost)  
  26  2:25  Warp Gate  
  27  2:31  Stargate, Adept (Chrono Boost)  
  27  2:32  Probe  
  27  2:33  Probe  
  31  2:44  Probe x2  
  31  2:50  Pylon  
  33  2:54  Probe  
  33  2:55  Adept (Chrono Boost)  
  33  2:56  Probe  
  37  3:05  Assimilator, Probe  
  37  3:06  Assimilator  
  37  3:08  Probe  
  39  3:14  Oracle (Chrono Boost)  
  39  3:18  Gateway  
  42  3:21  Probe x2  
  44  3:32  Robotics Facility  
  44  3:33  Probe x2  
  46  3:45  Probe  
  46  3:46  Oracle (Chrono Boost)  
  50  3:49  Probe, Pylon  
  51  3:57  Probe, Twilight Council  
  51  4:01  Probe  
  53  4:03  Pylon  
  53  4:09  Probe  
  54  4:15  Phoenix (Chrono Boost)  
  54  4:21  Warp Prism (Chrono Boost), Gateway  
  58  4:26  Gateway  
  58  4:34  Templar Archives  
  58  4:35  Probe  
  59  4:41  Adept x2  
  59  4:44  Pylon  
  63  4:49  Charge (Chrono Boost)  
  62  5:07  Gateway  
  62  5:14  Nexus  
  62  5:15  Pylon  
  62  5:17  Gateway  
  62  5:20  Gateway  
  62  5:23  Gateway  
  62  5:32  High Templar  
  62  5:33  High Templar x2  
  62  5:34  High Templar  
  62  5:35  Probe x2  
  72  5:37  Archon  
  72  5:38  Archon  
  72  5:44  Pylon  
  72  5:47  Probe x2  
  74  5:56  Warp Prism  
  74  5:59  Probe x2  
  74  6:00  Forge  
  78  6:07  Zealot x3  
  78  6:11  Probe x2  
  80  6:23  Probe x2  
  82  6:26  Probe, Forge  
  83  6:33  Immortal (Chrono Boost)  
  83  6:35  Probe x2  
  83  6:36  Mothership Core, Pylon  
  91  6:47  Protoss Ground Weapons Level 1 (Chrono Boost), Probe  
  91  6:48  Probe, Protoss Ground Armor Level 1 (Chrono Boost)  
  93  6:56  Probe  
  93  6:59  Sentry x3  
  93  7:00  Probe x2  
  102  7:02  Pylon  
  103  7:08  Probe  
  103  7:12  Probe x2, Immortal (Chrono Boost)  
  103  7:13  Assimilator  
  109  7:18  Assimilator, Pylon  
  109  7:20  Probe, Psionic Storm  
  110  7:24  Probe x2  
  112  7:31  High Templar  
  112  7:32  Probe  
  112  7:36  Probe x2  
  117  7:45  High Templar x2  
  117  7:48  Probe  
  117  7:49  Pylon  
  117  7:51  Pylon  
  124  7:54  Zealot, Gateway  
  124  7:55  Gateway  
  124  7:57  Pylon  
  124  8:04  Photon Cannon  
  124  8:05  Photon Cannon  
  124  8:07  Photon Cannon  
  124  8:09  Phoenix  
  126  8:12  Stalker x2  
  126  8:13  Stalker x3, Pylon  
  135  8:27  Protoss Ground Weapons Level 2  
  133  8:35  Protoss Ground Armor Level 2  
  133  8:38  Immortal (Chrono Boost)  
  137  8:45  Robotics Facility  
  134  8:53  Nexus  
  134  8:58  High Templar, Pylon  
  134  8:59  High Templar  
  134  9:01  Zealot x6  
  150  9:03  Archon  
  148  9:12  Immortal (Chrono Boost)  
  152  9:19  Pylon x2  
  136  9:32  Zealot  
  136  9:33  Zealot x7  
  144  9:41  Immortal (Chrono Boost)  
  148  9:48  Immortal (Chrono Boost)  
  150  9:52  Zealot  
  150  9:53  Zealot x4  
  150  9:59  High Templar x4  
  152  10:10  Probe x2  
  152  10:11  Zealot  
  156  10:16  Immortal (Chrono Boost)  
  160  10:22  Assimilator  
  160  10:25  Assimilator  
  160  10:28  Immortal (Chrono Boost)  
  154  10:37  Probe x3  
  154  10:38  Probe, Pylon  
  158  10:43  High Templar x2  
  158  10:44  Zealot x4  
  158  10:47  Archon  
  174  10:50  Immortal (Chrono Boost)  
  174  10:53  Zealot x4  
  168  11:11  Archon  
  168  11:16  Archon  
  168  11:17  Zealot x9  
  166  11:29  Photon Cannon  
Tags
 
Add a new tag
Caveats
  • Supply blocks, unpowered buildings, or Contaminate may cause inaccurate times.
  • Supply counts are checked every 10 seconds.